 Dungeon Crawl Stone Soup version 0.27.1-33-g824d729ab1 (webtiles) character file.

Game seed: 3531652626513842541

425 zeram the Chopper (level 6, 0/51 HPs)
             Began as a Hill Orc Fighter on Dec 8, 2021.
             Slain by an ogre (5 damage)
             ... on level 4 of the Dungeon.
             The game lasted 00:04:27 (4261 turns).

zeram the Chopper (Hill Orc Fighter)                Turns: 4261, Time: 00:04:28

Health: 0/51       AC:  7    Str: 21    XL:     6   Next: 96%
Magic:  6/6        EV:  8    Int:  8    God:
Gold:   109        SH: 10    Dex: 10    Spells: 5/5 levels left

rFire    . . .     SeeInvis +   a - +0 war axe
rCold    + . .     Faith    .   c - +1 kite shield
rNeg     . . .     Spirit   .   b - +0 scale mail
rPois    .         Reflect  .   (no helmet)
rElec    +         Harm     .   (no cloak)
rCorr    .         Rampage  .   (no gloves)
Will     .....                  (no boots)
Stlth    ..........             (no amulet)
HPRegen  0.17/turn              f - ring of protection from cold
MPRegen  0.10/turn              m - ring of Wirhar {rElec SInv}

@: about to teleport
A: no striking features
a: no special abilities


You were on level 4 of the Dungeon.
You visited 1 branch of the dungeon, and saw 4 of its levels.

You collected 148 gold pieces.
You spent 39 gold pieces at shops.

Inventory:

Hand Weapons
 a - a +0 war axe (weapon)
Armour
 b - a +0 scale mail (worn)
 c - a +1 kite shield (worn)
Jewellery
 f - a ring of protection from cold (left hand)
 m - the ring of Wirhar (right hand) {rElec SInv}
   (You acquired it on level 3 of the Dungeon)

   [ring of see invisible]

   rElec:     It insulates you from electricity.
   SInv:      It lets you see invisible.
Scrolls
 e - a scroll of silence
 n - a scroll of teleportation
 p - 2 scrolls of identify
 q - a scroll of vulnerability {unknown}
 r - a scroll of immolation {unknown}
Potions
 d - a potion of might
 g - 3 potions of curing
 h - a potion of degeneration
 i - a potion of lignification {unknown}
 j - a potion of haste {unknown}
 k - a potion of flight {unknown}
 l - 2 potions of brilliance {unknown}
 o - a potion of ambrosia {unknown}


   Skills:
 - Level 3.6 Fighting
 + Level 6.8 Axes
 + Level 4.9 Armour
 + Level 0.9 Dodging
 + Level 4.8 Shields


You had 5 spell levels left.
You didn't know any spells.
Your spell library contained the following spells:

 Spells                   Type           Power      Damage    Failure   Level
 Blink                    Tloc           N/A        N/A       99%         2
 Gell's Gravitas          Tloc           0%         N/A       100%        3
 Teleport Other           Tloc           0%         N/A       100%        3
 Manifold Assault         Tloc           0%         N/A       100%        5
 Dispersal                Tloc           0%         N/A       100%        6
 Storm Form               Tmut/Air       0%         N/A       100%        7


Dungeon Overview and Level Annotations

Branches:
Dungeon (4/15)
 Temple: D:4-7

Altars:
Kikubaaqudgha

Shops:
D:2 (   D:3 *


Message History

You kill the kobold!
No target in view!
No target in view!
No target in view!
No target in view!
No target in view!
No target in view!
No target in view!
No target in view!
No target in view!
No target in view!
No target in view!
No target in view!
No target in view!
Found 23 stones.
Things that are here:
a +0 dagger; 2 stones; a kobold corpse
p - 2 scrolls of identify (gained 1)
You now have 109 gold pieces (gained 15).
An ogre comes into view. It is wielding a +0 giant spiked club.
The ogre shouts!
You hear an angry hiss.
An ogre is nearby!
An ogre is nearby!
An ogre is nearby!
An ogre is nearby!
Found a stone staircase leading up.
An iguana comes into view.
Found a robe.
The ogre hits you with a +0 giant spiked club!
You hit the ogre.
The ogre is lightly wounded.
The ogre hits you with a +0 giant spiked club!!
* * * LOW HITPOINT WARNING * * *
As you read the scroll of teleportation, it crumbles to dust.
You feel strangely unstable.
The ogre hits you with a +0 giant spiked club!
* * * LOW HITPOINT WARNING * * *
There is a stone staircase leading up here.
The ogre hits you with a +0 giant spiked club.
You die...

### ..## ##### #...##
#...## .....##
###..#.##
######......#
##....#..###.##.@..#
#............#..O..#
...#............l..#
...........##......#
#.......#...#......#
..†.....#.............
#†.<........#........#
##.##.##....#.......##
.....###..........###


You could see an ogre and an iguana.

Vanquished Creatures
  A black bear (D:3)
  A water moccasin skeleton (D:3)
  Terence (D:3)
  Jessica (D:2)
  Natasha (twice) (D:3)
  An orc wizard (D:3)
  A hound skeleton (D:4)
  4 gnolls
  3 adders
  2 worms
  3 dart slugs (D:2)
  8 orcs
  3 bats (D:1)
  5 endoplasms
  3 giant cockroaches
  3 goblins
  3 hobgoblins (D:1)
  5 jackals
  3 kobolds
  3 quokkas
  6 ball pythons
  9 frilled lizards
  6 rats
77 creatures vanquished.

Notes
Turn   | Place    | Note
-------+----------+-------------------------------------------
     0 | D:1      | zeram the Hill Orc Fighter began the quest for the Orb.
     0 | D:1      | Reached XP level 1. HP: 19/19 MP: 1/1
   322 | D:1      | Reached XP level 2. HP: 23/26 MP: 2/2
   432 | D:1      | Reached skill level 3 in Axes
   500 | D:1      | Reached XP level 3. HP: 31/31 MP: 3/3
  1550 | D:2      | Reached XP level 4. HP: 21/39 MP: 4/4
  1687 | D:2      | Reached skill level 4 in Axes
  1785 | D:2      | Found an ancient bone altar of Kikubaaqudgha.
  1859 | D:2      | Found Ithuokil's Antique Weapon Boutique.
  2340 | D:2      | Found a faded altar of an unknown god.
  2509 | D:2      | Noticed Jessica
  2513 | D:2      | Killed Jessica
  2642 | D:3      | Reached XP level 5. HP: 45/45 MP: 5/5
  2656 | D:3      | Noticed Natasha
  2665 | D:3      | Killed Natasha
  2797 | D:3      | Reached skill level 5 in Axes
  3034 | D:3      | Found Vekafoasm's General Store.
  3040 | D:3      | Bought a scroll of teleportation for 39 gold pieces
  3040 | D:3      | Identified a scroll of acquirement
  3040 | D:3      | Acquired the ring of Wirhar {rElec SInv}
  3156 | D:3      | Noticed Natasha
  3164 | D:3      | Killed Natasha
  3257 | D:3      | Reached XP level 6. HP: 36/51 MP: 6/6
  3448 | D:3      | Reached skill level 6 in Axes
  3687 | D:3      | Noticed Terence
  3700 | D:3      | Killed Terence
  4067 | D:4      | Noticed a black bear
  4099 | D:3      | Killed a black bear
  4261 | D:4      | Slain by an ogre

Illustrated notes

Levels and vault maps discovered:
D:1:      grunt_arrival_crossed_arrows, layout_basic, supply_closet_lemuel,
          minmay_tetromino_i4
D:2:      layout_basic, shapermc_ecumenical_altar_petra, basic_altar,
          serial_shops, nicolae_shop_crystal, chequers_decorated_corner,
          st_stairs_11, uniq_jessica
D:3:      layout_basic, serial_shops, shop, uniq_terence, uniq_natasha
D:4:      layout_cave_pools

Skill      XL: |  1  2  3  4  5  6 |
---------------+-------------------+-----
Axes           | 3 4 5 6 |  6.8
Armour         | 4 |  4.9
Shields        | 4 |  4.8
Fighting       | |  3.6
Dodging        | |  0.9

Action                   |  1- 3 |  4- 6 || total
-------------------------+-------+-------++-------
Melee: War axe           |    89 |   151 ||   240
  Use: Scroll            |     4 |     2 ||     6
Armor: Scale mail        |    55 |    48 ||   103
Dodge: Dodged            |    37 |    47 ||    84
Block: Kite shield       |    56 |    92 ||   148
